 Dungeon Crawl Stone Soup version 0.13-a0-1536-gedae9ec (webtiles) character file.

304 Kae the Chucker (level 5, -1/50 HPs)
             Began as a Troll Hunter on June 9, 2013.
             Killed by divine providence
             ... invoked by an orc priest
              (13 damage)
             ... on Level 3 of the Dungeon.
             The game lasted 00:03:17 (2254 turns).

Kae the Chucker (Troll Hunter)                      Turns: 2254, Time: 00:03:18

HP  -1/50        AC  5     Str 20      XL: 5   Next: 58%
MP   1/1         EV 10     Int  7      God:
Gold 92          SH  0     Dex 11      Spells:  0 memorised,  4 levels left

Res.Fire  : . . .   See Invis. : .     - Unarmed
Res.Cold  : . . .   Warding    : .   d - +0 animal skin
Life Prot.: . . .   Conserve   : .   (shield restricted)
Res.Poison: .       Res.Corr.  : .   (helmet restricted)
Res.Elec. : .       Clarity    : .   (no cloak)
Sust.Abil.: . .     Spirit.Shd : .   (gloves unavailable)
Res.Mut.  : .       Stasis     : .   (boots unavailable)
Res.Rott. : .       Flight     : .   (no amulet)
Gourmand  : +                        (no ring)
                                     (no ring)

@: slightly resistant to hostile enchantments, unstealthy
A: unfitting armour, claws 3, fast metabolism 3, gourmand, regeneration 2,
saprovore 2, tough skin 2, AC +1
a: no special abilities


You were on level 3 of the Dungeon.
You were completely stuffed.

You visited 1 branch of the dungeon, and saw 3 of its levels.

You collected 72 gold pieces.

Inventory:

Missiles
 b - 5 large rocks (quivered)
 c - 2 throwing nets
Armour
 d - a +0 animal skin (worn)
Magical devices
 l - a wand of slowing (15) {unknown}
Comestibles
 a - 2 meat rations
 i - a pear
 n - 2 bread rations
 t - 3 rotting chunks of gnoll flesh
Scrolls
 f - 4 scrolls of remove curse {unknown}
 g - 2 scrolls of teleportation {unknown}
 h - 4 scrolls of identify {unknown}
 j - a scroll of enchant weapon I {unknown}
 m - a scroll of noise {unknown}
 o - a scroll of curse armour {unknown}
 p - a scroll of curse weapon {unknown}
 q - a scroll of enchant weapon II {unknown}
 s - 2 scrolls of amnesia {unknown}
Jewellery
 k - an uncursed ring of ice {unknown}
Potions
 e - a potion of heal wounds {unknown}


   Skills:
 + Level 2.6 Fighting
 + Level 4.6 Throwing
 + Level 2.9 Dodging
 - Level 0.4 Stealth
 + Level 2.3 Unarmed Combat


You had 4 spell levels left.
You didn't know any spells.

Dungeon Overview and Level Annotations

Branches:
Dungeon (3/27)

Altars:
Lugonu

Portals:
Abyss: D:1


Innate Abilities, Weirdness & Mutations

You are too large for most types of armour.
You have claws for hands.
Your metabolism is lightning-fast.
You like to eat raw meat.
You heal very quickly.
You can eat rotten meat.
You are covered in fur (AC +1).
You have very tough skin (AC +2).


Message History

You feel a wave of unholy energy pass over you.
Found a stone staircase leading up.
You hit the orc.
The orc begins to bleed from its wounds!
The orc is heavily wounded.
The orc hits you with an orcish flail. The orc closely misses you.
You hit the orc.
The orc is severely wounded.
The orc hits you with an orcish flail!
You hit the orc.
The orc is almost dead.
You hit the orc.
You kill the orc!
The orc hits you with an orcish flail!
* * * LOW HITPOINT WARNING * * *
The orc closely misses you.
The orc priest calls down the wrath of Beogh upon you.
Something smites you!
You die...

#.#.# ....# #.# ....#
...< ....# # ..... ....#
# .# ###......
...##.#.########........
...##.........##........
...)..........##)o.......
.%%)............@o.......
................oo.......
.........##......####...
.####...#.+......#... .
.# #...#.#..........#
.####.....#....##.....
......................
.####.....#....(.....
...###....#........(


You could see 2 orc priests and 2 orcs.

Vanquished Creatures
  A hound (D:3)
  Jessica (D:2)
  7 gnolls (D:2)
  4 adders (D:2)
  A worm (D:2)
  2 giant geckos (D:1)
  An orc (D:3)
  3 giant cockroaches
  10 goblins
  5 hobgoblins
  2 jackals (D:2)
  6 bats
  3 giant newts (D:2)
  6 kobolds
  2 quokkas (D:2)
  2 rats (D:1)
56 creatures vanquished.

Vanquished Creatures (others)
  An orc (D:2)
1 creature vanquished.

Grand Total: 57 creatures vanquished

Notes
Turn   | Place    | Note
--------------------------------------------------------------
     0 | D:1      | Kae, the Troll Hunter, began the quest for the Orb.
     0 | D:1      | Reached XP level 1. HP: 20/20 MP: 0/0
   118 | D:1      | Reached XP level 2. HP: 28/28 MP: 0/0
   898 | D:1      | Found a corrupted altar of Lugonu.
   898 | D:1      | Found a one-way gate to the infinite horrors of the Abyss.
   898 | D:1      | Noticed a quasit
   898 | D:1      | Noticed a quasit
   900 | D:1      | Noticed a quasit
   900 | D:1      | Reached skill level 4 in Throwing
   902 | D:1      | Noticed an iron imp
  1039 | D:1      | Reached XP level 3. HP: 30/35 MP: 1/1
  1458 | D:2      | Reached XP level 4. HP: 28/44 MP: 1/1
  1502 | D:2      | Noticed Jessica
  1503 | D:2      | Killed Jessica
  1860 | D:2      | Reached XP level 5. HP: 47/50 MP: 1/1
  2254 | D:3      | Killed from afar by an orc priest

Action                   |  1- 3 |  4- 6 || total
-------------------------+-------+-------++-------
Melee: Unarmed           |   125 |    48 ||   173
Throw: Large rock        |       |    10 ||    10
